 Dungeon Crawl Stone Soup version 0.20.0-9-g8272e65 (webtiles) character file.

186 Manul the Ducker (level 5, -4/28 HPs)
             Began as a Spriggan Abyssal Knight on June 3, 2017.
             Was a Believer of Lugonu.
             Slain by a gnoll
             ... wielding a +0 spear
              (8 damage)
             ... on level 3 of the Dungeon.
             The game lasted 00:04:00 (4320 turns).

Manul the Ducker (Spriggan Abyssal Knight)          Turns: 4320, Time: 00:04:01

Health: -4/28      AC:  2    Str:  8    XL:     5   Next: 38%
Magic:  7/7        EV: 20    Int: 13    God:    Lugonu [**....]
Gold:   280        SH:  0    Dex: 17    Spells: 4/4 levels left

rFire    . . .     SeeInvis +   a - +1 short sword
rCold    . . .     Gourm    .   (shield restricted)
rNeg     . . .     Faith    .   b - +0 robe
rPois    .         Spirit   .   (helmet restricted)
rElec    .         Reflect  .   (no cloak)
rCorr    .         Harm     .   (gloves unavailable)
MR       .....                  (boots unavailable)
Stlth    +++.......             (no amulet)
Regen    0.1/turn               (no ring)
MPRegen  0.1/turn               (no ring)

@: very quick
A: unfitting armour, see invisible, herbivore 3, speed 3, slow metabolism 2
a: Depart the Abyss, Bend Space, Renounce Religion


You were on level 3 of the Dungeon.
You worshipped Lugonu.
Lugonu was pleased with you.
You were very hungry.

You visited 1 branch of the dungeon, and saw 3 of its levels.
You visited the Abyss 1 time.

You collected 280 gold pieces.

Inventory:

Hand Weapons
 a - a +1 short sword (weapon)
Armour
 b - a +0 robe (worn)
Wands
 l - a wand of flame (13/48)
Scrolls
 d - 6 scrolls of teleportation {unknown}
 e - a scroll of fear {unknown}
 g - a scroll of immolation {unknown}
 i - a scroll of blinking {unknown}
 j - a scroll of identify {unknown}
 n - a scroll of recharging {unknown}
 r - 5 scrolls of remove curse
 s - a scroll of random uselessness {unknown}
 v - 2 scrolls of noise {unknown}
Potions
 f - a potion of curing
 k - a potion of brilliance {unknown}
 m - a potion of haste {unknown}
 o - a potion of cancellation {unknown}
 p - a potion of resistance {unknown}
 q - a potion of invisibility {unknown}
 t - a potion of flight {unknown}
 w - a potion of degeneration {unknown}
Comestibles
 c - 3 bread rations
 h - 2 royal jellies
 u - 5 fruits


   Skills:
 + Level 3.4 Fighting
 + Level 3.7 Short Blades
 + Level 4.7 Dodging
 + Level 3.5 Stealth
 + Level 1.7 Invocations
 + Level 1.1 Evocations


You had 4 spell levels left.
You didn't know any spells.

Dungeon Overview and Level Annotations

Branches:
Dungeon (3/15)

Altars:


Innate Abilities, Weirdness & Mutations

You are very small and have problems with some larger weapons.
You are too small for most types of armour.
You have supernaturally acute eyesight. (SInv)
You are a herbivore.
You cover ground extremely quickly.
You need consume almost no food.


Message History

A frilled lizard comes into view.
There is an open door here.
The frilled lizard bites you.
You closely miss the frilled lizard. The gnoll closely misses you.
The frilled lizard misses you.
You hit the frilled lizard.
You kill the frilled lizard!
Lugonu accepts your kill. The gnoll barely misses you.
The gnoll closely misses you.
You closely miss the gnoll. The gnoll hits you with a spear!
You hit the gnoll but do no damage. The gnoll hits you with a spear.
You hit the gnoll.
The gnoll is lightly wounded.
The gnoll hits you with a spear!
* * * LOW HITPOINT WARNING * * *
You closely miss the gnoll.
The gnoll is lightly wounded.
The gnoll hits you with a spear!
You die...

..............................###
###.........###############.....#
............##.#†#.'.#######....#
............##.....#†#....##....#
............###..###.#..........#
..##........##?.. #..#..........#
..##.#.......#%)####.#...........
..##......##.####.#..#..........#
..##......##....@g...##..........
...#......#############.......#..
...#.#.#### #.............
.....#.# #.##.......... ...###.#
#.###......##. ##.#.#.#
#............. #...#.#
################## ###.#.#
#................. #.#.#
#.################


You could see a gnoll.

Vanquished Creatures
  An ice beast (D:3)
  2 adders (D:2)
  2 oozes (D:3)
  2 worms (D:3)
  A dart slug (D:2)
  3 leopard geckos
  An orc (D:3)
  A ball python (D:1)
  8 bats
  3 giant cockroaches
  6 goblins
  4 hobgoblins
  3 jackals (D:2)
  2 quokkas (D:3)
  2 frilled lizards
  8 kobolds
  7 rats
56 creatures vanquished.

Vanquished Creatures (others)
  2 starspawn tentacles (Abyss:1)
2 creatures vanquished.

Grand Total: 58 creatures vanquished

Notes
Turn   | Place    | Note
-------+----------+-------------------------------------------
     0 | Abyss:1  | Manul the Spriggan Abyssal Knight began the quest for the Orb.
     0 | Abyss:1  | Reached XP level 1. HP: 11/11 MP: 3/3
    35 | Abyss:1  | Noticed a tentacled starspawn
    50 | Abyss:1  | Noticed a small abomination
    77 | Abyss:1  | Noticed a small abomination
    88 | Abyss:1  | Noticed a small abomination
    88 | Abyss:1  | Noticed an insubstantial wisp
   122 | Abyss:1  | Noticed a quasit
   137 | Abyss:1  | Noticed a tentacled starspawn
   176 | Abyss:1  | Noticed a small abomination
   188 | Abyss:1  | Noticed a large abomination
   196 | Abyss:1  | Noticed a small abomination
   196 | Abyss:1  | Noticed a large abomination
   213 | Abyss:1  | Noticed a tentacled starspawn
   228 | Abyss:1  | Noticed an apocalypse crab
   230 | Abyss:1  | Noticed a neqoxec
   236 | Abyss:1  | Noticed a small abomination
   250 | Abyss:1  | Noticed a ynoxinul
   294 | Abyss:2  | Noticed a hellwing
   320 | Abyss:2  | Noticed a ynoxinul
   324 | Abyss:2  | Noticed a thrashing horror
   327 | D:1      | Escaped the Abyss
   579 | D:1      | Reached XP level 2. HP: 8/16 MP: 4/4
   582 | D:1      | Reached * piety under Lugonu
  1319 | D:2      | Reached XP level 3. HP: 17/20 MP: 5/5
  1632 | D:2      | Reached skill level 4 in Dodging
  1632 | D:2      | Reached skill level 1 in Stealth
  2772 | D:3      | Reached ** piety under Lugonu
  2798 | D:3      | Noticed an ice beast
  2804 | D:3      | Reached XP level 4. HP: 14/24 MP: 6/6
  2826 | D:3      | Killed an ice beast
  2826 | D:3      | Reached XP level 5. HP: 4/28 MP: 7/7
  3458 | D:3      | Reached skill level 1 in Evocations
  4320 | D:3      | Slain by a gnoll

Skill      XL: |  1  2  3  4  5 |
---------------+----------------+-----
Fighting       | 3 |  3.4
Dodging        | 4 |  4.7
Stealth        | 2 3 |  3.5
Short Blades   | 3 |  3.7
Evocations     | 1 |  1.1
Invocations    | |  1.7

Action                   |  1- 3 |  4- 6 || total
-------------------------+-------+-------++-------
Melee: Short sword       |   163 |    60 ||   223
Invok: Depart the Abyss  |     1 |       ||     1
Evoke: Wand              |     3 |     8 ||    11
  Use: Scroll            |     1 |       ||     1
       Potion            |     1 |       ||     1
 Stab: Sleeping          |     9 |     1 ||    10
Armor: Robe              |    13 |    10 ||    23
Dodge: Dodged            |   133 |    57 ||   190
